 Dungeon Crawl Stone Soup version 0.23-a0-143-g1adec7bb76 (webtiles) character file.

4793 Holzbalken the Sneak (level 10, -13/74 HPs)
             Began as a Demonspawn Monk on Sept 5, 2018.
             Was an Elder of Dithmenos.
             Mangled by a death yak (17 damage)
             ... on level 9 of the Dungeon.
             The game lasted 00:46:05 (10083 turns).

Holzbalken the Sneak (Demonspawn Monk)             Turns: 10083, Time: 00:46:05

Health: -13/74     AC: 16    Str: 18    XL:     10   Next: 24%
Magic:  10/10      EV: 13    Int: 12    God:    Dithmenos [****..]
Gold:   477        SH:  5    Dex: 15    Spells: 9/9 levels left

rFire    . . .     SeeInvis .     - Unarmed
rCold    + . .     Gourm    +   F - +0 buckler
rNeg     . . .     Faith    .   p - +0 ring mail {rC+}
rPois    +         Spirit   .   t - +2 helmet
rElec    .         Reflect  .   (no cloak)
rCorr    .         Harm     .   h - +0 pair of gloves
MR       .....                  (no boots)
Stlth    +++++++++.             l - amulet of the gourmand
HPRegen  0.22/turn              x - +3 ring of strength
MPRegen  0.12/turn              r - ring of poison resistance

@: sanguine armour, wreathed by umbra
A: claws 1, nightstalker 3, spiny 3, sanguine armour 1
a: Shadow Step, Renounce Religion


You were on level 9 of the Dungeon.
You worshipped Dithmenos.
Dithmenos was greatly pleased with you.
You were very full.

You visited 2 branches of the dungeon, and saw 10 of its levels.
You also visited: Sewer.

You collected 477 gold pieces.

Inventory:

Hand Weapons
 a - a +3 dagger
Armour
 h - a +0 pair of gloves (worn)
 p - a +0 ring mail of cold resistance (worn)
 t - a +2 helmet (worn)
 w - a +0 robe
 F - a +0 buckler (worn)
Jewellery
 l - an amulet of the gourmand (around neck)
 r - a ring of poison resistance (right hand)
 v - an uncursed ring of positive energy
 x - a +3 ring of strength (left hand)
Wands
 n - a wand of acid (6)
 G - a wand of paralysis (24)
Scrolls
 b - a scroll of summoning {unknown}
 c - a scroll of amnesia {unknown}
 e - a scroll of enchant armour
 g - a scroll of fog
 i - 7 scrolls of teleportation
 k - 6 scrolls of remove curse
 q - 3 scrolls of immolation
 u - 2 scrolls of enchant weapon
 B - 2 scrolls of blinking
 C - a scroll of fear
 J - a scroll of silence {unknown}
Potions
 d - 3 potions of agility
 f - 2 potions of haste
 j - 2 potions of curing
 m - 2 potions of invisibility
 o - a potion of mutation {unknown}
 s - 3 potions of heal wounds
 z - 2 potions of brilliance {unknown}
 D - 3 potions of berserk rage {unknown}
 E - 3 potions of flight {unknown}
 H - a potion of lignification {unknown}
 I - a potion of might {unknown}
Comestibles
 A - 24 rations


   Skills:
 + Level 5.2 Fighting
 + Level 2.2 Short Blades
   Level 5.1(6.0) Axes
   Level 4.7(5.8) Maces & Flails
 + Level 4.7 Armour
 + Level 4.9 Dodging
 + Level 7.2 Stealth
 * Level 3.0 Shields
 * Level 5.4 Unarmed Combat


You had 9 spell levels left.
You didn't know any spells.
Your spell library contained the following spells:

 Spells                   Type           Power        Failure   Level  Hunger
 Animate Skeleton         Necr           N/A          54%         1    ##.....
 Corona                   Hex            #......      54%         1    ##.....
 Pain                     Necr           #...         54%         1    ##.....
 Slow                     Hex            #.......     67%         2    ###....
 Inner Flame              Hex/Fire       #.......     88%         3    ####...
 Portal Projectile        Hex/Tloc       #.....       88%         3    ####...
 Regeneration             Chrm/Necr      #.........   88%         3    ####...
 Vampiric Draining        Necr           #.........   88%         3    ####...
 Animate Dead             Necr           N/A          99%         4    #####..
 Cause Fear               Hex            #.........   99%         4    #####..
 Leda's Liquefaction      Hex/Erth       #.........   99%         4    #####..


Dungeon Overview and Level Annotations

Branches:
Dungeon (9/15)             Temple (1/1) D:4            Lair (0/6) D:9
    Orc: D:9-12

Altars:
Ashenzari
Cheibriados
Dithmenos
Elyvilon
Fedhas
Gozag
Hepliaklqana
Kikubaaqudgha
Makhleb
Nemelex Xobeh
Okawaru
Qazlal
Ru
Sif Muna
Trog
Uskayaw
Vehumet
Wu Jian
Xom
Yredelemnul
Zin
The Shining One

Shops:
D:6 *   D:8 **


Innate Abilities, Weirdness & Mutations

You have sharp fingernails.
You are completely attuned to the shadows.
You are completely covered in sharp spines.
When seriously injured, your bleeding wounds create armour. (AC +6)


Message History

* * * LOW HITPOINT WARNING * * *
You hit the death yak but do no damage.
The death yak is severely wounded.
You block the death yak's attack.
You barely miss the death yak.
The death yak is severely wounded.
You block the death yak's attack.
You barely miss the death yak.
The death yak is severely wounded.
Your shadow hits the death yak but does no damage.
The death yak gores you!
* * * LOW HITPOINT WARNING * * *
You barely miss the death yak.
The death yak is severely wounded.
The death yak gores you but does no damage.
You hit the death yak but do no damage.
The death yak is heavily wounded.
Your shadow hits the death yak but does no damage.
The death yak gores you!
You die...

#####'##.# #..........#.#.#
#......#.# #..........#.#(##
#......#.# #..........#.#..<
#......#.################..#.#...
#......#..........# #........
#......##########.## ####..#.#.##
...................# #.....#.#...
#################..###.##..#.#.##
........>......Y@<...(........>..
######.############.##.##..######
..........# #######..#.##........
..........# #........#.##......##
..#.......# #...............##.#
..........###...........#.#.##.#
....###....##########...#.#.##.#
..........................#....#
.....>..................#.######


You could see a death yak.

Vanquished Creatures
  The ghost of Vesto the Skirmisher, a novice HOWn of Sif Muna (D:9)
  A troll (D:8)
  A hippogriff (D:7)
  A spriggan (D:7)
  A hungry ghost (D:9)
  A yak (D:8)
  Menkaure (D:5)
  A water moccasin (D:6)
  Purgy (Sewer)
  2 black bears (D:9)
  2 ice beasts (D:8)
  A necrophage (D:9)
  A sky beast (D:5)
  7 ogres
  3 centaurs
  A crocodile (D:8)
  A bullfrog (D:6)
  3 scorpions
  3 wights (D:6)
  2 howler monkeys
  4 crimson imps
  3 hounds
  2 jellies
  2 quasits (D:5)
  2 orc priests (D:8)
  2 centaur skeletons
  An orc wizard (D:7)
  3 iguanas
  8 worker ants
  The ghost of Vesto the Digger, a weakling DsWn (D:5)
  15 adders
  8 gnolls
  4 shadow imps
  2 worms
  3 dart slugs
  8 leopard geckos
  19 orcs
  4 ball pythons
  7 bats
  9 giant cockroaches
  9 goblins
  9 hobgoblins
  21 jackals
  10 kobolds
  5 quokkas
  A ball python zombie (D:6)
  7 frilled lizards
  A jackal zombie (D:6)
  A leopard gecko skeleton (D:4)
  A quokka zombie (D:9)
  11 rats
  A butterfly (D:4)
219 creatures vanquished.

Notes
Turn   | Place    | Note
-------+----------+-------------------------------------------
     0 | D:1      | Holzbalken the Demonspawn Monk began the quest for the Orb.
     0 | D:1      | Reached XP level 1. HP: 18/18 MP: 1/1
   125 | D:1      | Gained mutation: You are partially covered in sharp spines.
                  | [demonic ancestry]
   125 | D:1      | Reached XP level 2. HP: 11/24 MP: 2/2
   320 | D:1      | Reached skill level 2 in Stealth
   757 | D:1      | Gained mutation: You are slightly more attuned to the
                  | shadows. [demonic ancestry]
   757 | D:1      | Reached XP level 3. HP: 29/29 MP: 3/3
  1475 | D:2      | Gained mutation: You are mostly covered in sharp spines.
                  | [demonic ancestry]
  1475 | D:2      | Reached XP level 4. HP: 35/35 MP: 4/4
  2070 | D:3      | Found a glowing golden altar of the Shining One.
  2082 | D:3      | Gained mutation: You are significantly more attuned to the
                  | shadows. [demonic ancestry]
  2082 | D:3      | Reached XP level 5. HP: 33/41 MP: 5/5
  3059 | D:4      | Reached skill level 1 in Armour
  3059 | D:4      | Reached skill level 3 in Stealth
  3202 | D:4      | Gained mutation: You are completely attuned to the shadows.
                  | [demonic ancestry]
  3202 | D:4      | Reached XP level 6. HP: 30/47 MP: 6/6
  3588 | D:4      | Found a staircase to the Ecumenical Temple.
  3624 | Temple   | Entered the Ecumenical Temple
  3864 | Temple   | Became a worshipper of Dithmenos the Shadowed
  3864 | Temple   | Reached * piety under Dithmenos
  3864 | Temple   | Reached ** piety under Dithmenos
  4259 | D:5      | Entered Level 5 of the Dungeon
  4310 | D:5      | Reached skill level 1 in Maces & Flails
  4441 | D:5      | Found a transporter.
  4452 | D:5      | Noticed a sky beast
  4460 | D:5      | Killed a sky beast
  4460 | D:5      | Reached skill level 4 in Stealth
  4460 | D:5      | Gained mutation: You are completely covered in sharp
                  | spines. [demonic ancestry]
  4460 | D:5      | Reached XP level 7. HP: 43/53 MP: 7/7
  4508 | D:5      | Found a glowing drain.
  4534 | Sewer    | Entered a sewer
  4670 | Sewer    | Noticed Purgy
  4682 | Sewer    | Killed Purgy
  4927 | D:5      | Noticed Menkaure
  4942 | D:5      | Killed Menkaure
  4942 | D:5      | Reached skill level 5 in Axes
  5114 | D:5      | Reached skill level 5 in Stealth
  5423 | D:5      | Found a transporter.
  5438 | D:5      | Noticed Vesto's ghost (weakling DsWn)
  5478 | D:5      | Killed Vesto's ghost
  5478 | D:5      | Gained mutation: When seriously injured, your bleeding
                  | wounds create armour. (AC +6) [demonic ancestry]
  5478 | D:5      | Reached XP level 8. HP: 60/60 MP: 8/8
  6236 | D:6      | Found a white marble altar of Elyvilon.
  6283 | D:6      | Found Sazxedu's General Store.
  6339 | D:6      | Reached *** piety under Dithmenos
  6341 | D:6      | Found a sparkling altar of Nemelex Xobeh.
  6699 | D:7      | Reached skill level 1 in Short Blades
  6699 | D:7      | Reached skill level 6 in Stealth
  6818 | D:7      | Found a blossoming altar of Fedhas.
  6875 | D:7      | Noticed a hippogriff
  6883 | D:7      | Killed a hippogriff
  6883 | D:7      | Gained mutation: You have sharp fingernails. [demonic
                  | ancestry]
  6883 | D:7      | Reached XP level 9. HP: 57/66 MP: 9/9
  7212 | D:8      | Found Mijaliesk's General Store.
  7235 | D:8      | Found a shimmering altar of Xom.
  7238 | D:8      | Reached skill level 1 in Shields
  7238 | D:8      | Reached skill level 1 in Unarmed Combat
  7261 | D:8      | Found a shimmering altar of Xom.
  7261 | D:8      | Found a shimmering altar of Xom.
  7269 | D:8      | Found a shimmering altar of Xom.
  7269 | D:8      | Found a shimmering altar of Xom.
  7270 | D:8      | Found a shimmering altar of Xom.
  7462 | D:8      | Reached **** piety under Dithmenos
  7504 | D:8      | Found Sofomn's General Store.
  7826 | D:8      | Noticed a troll
  7848 | D:8      | Killed a troll
  8108 | D:8      | Reached skill level 5 in Fighting
  8623 | D:9      | Noticed a death yak
  8624 | D:9      | Noticed a death yak
  8626 | D:9      | Noticed a death yak
  8941 | D:8      | Noticed a wind drake
  9171 | D:9      | Found a staircase to the Lair.
  9250 | D:9      | Reached skill level 7 in Stealth
  9250 | D:9      | Reached XP level 10. HP: 74/74 MP: 10/10
  9275 | D:9      | Found a shattered altar of Ashenzari.
  9323 | D:9      | Found a runed door.
  9323 | D:9      | Noticed Vesto's ghost (novice HOWn)
  9365 | D:9      | Killed Vesto's ghost
  9365 | D:9      | Reached skill level 5 in Unarmed Combat
 10083 | D:9      | Mangled by a death yak

Vault maps used:
D:1:      kennysheep_arrival_forest
D:3:      nicolae_tso_carved_into_rock, dk_vineyard_3
D:4:      minmay_temple_entry_butterflies, first_ration
D:5:      gammafunk_ghost_stat_death, gup_sewer_entry_glass, uniq_menkaure
D:6:      nemelex_xobeh_ov_fountains_minmay, nicolae_overflow_crystal_walls,
          serial_shops, shop
D:7:      fedhas_altar_2, the_bakery, kennysheep_small_spiral
D:8:      xom_shifter_show, serial_shops, shop, shop_fountains
D:9:      kennysheep_little_box, dpeg_lair_monsters,
          hellmonk_ghost_happy_afterlife
Temple:   regret_index_temple_sphere_string
Sewer:    kennysheep_door_sewer

Skill      XL: |  1  2  3  4  5  6  7  8  9 10 |
---------------+-------------------------------+-----
Stealth        | 2 3 4 5 6 7 |  7.2
Axes           | 3 4 5 |  5.1
Dodging        | 3 4 |  4.9
Armour         | 1 2 3 4 |  4.7
Maces & Flails | 1 2 4 |  4.7
Fighting       | 4 5 |  5.2
Short Blades   | 1 2 |  2.2
Shields        | 2 3 |  3.0
Unarmed Combat | 4 5 |  5.4

Action                   |  1- 3 |  4- 6 |  7- 9 | 10-12 || total
-------------------------+-------+-------+-------+-------++-------
Melee: Hand axe          |   103 |   111 |    27 |       ||   241
       Flail             |       |    32 |    89 |       ||   121
       Dagger            |       |    19 |    33 |       ||    52
       Unarmed           |       |       |   154 |    78 ||   232
  Use: Scroll            |       |    14 |     5 |       ||    19
       Potion            |       |     1 |     3 |     3 ||     7
 Stab: Sleeping          |     8 |    18 |    25 |     4 ||    55
       Distracted        |       |       |     2 |       ||     2
  Eat: Chunk             |     2 |    22 |    25 |     2 ||    51
Armor: Robe              |    19 |       |       |       ||    19
       Ring mail         |     3 |    44 |    89 |    14 ||   150
Dodge: Dodged            |    73 |    94 |   205 |    22 ||   394
Block: Buckler           |       |       |    41 |     9 ||    50

Table legend:
 A = Non-vault XP
 B = Vault XP
 C = Vault XP percentage of total XP
 D = Non-vault monster count
 E = Vault monster count
 F = Vault count percentage of total count
                 A         B        C        D         E       F
            +---------+---------+-------+---------+---------+-------
      Total |    5105 |    1743 |  25.5 |     201 |      17 |   7.8
            +---------+---------+-------+---------+---------+-------
        D:1 |      59 |       0 |   0.0 |      31 |       0 |   0.0
        D:2 |     100 |       0 |   0.0 |      33 |       0 |   0.0
        D:3 |     123 |       0 |   0.0 |      35 |       0 |   0.0
        D:4 |     239 |       0 |   0.0 |      13 |       0 |   0.0
        D:5 |     545 |     310 |  36.3 |      19 |       8 |  29.6
        D:6 |     895 |       0 |   0.0 |      21 |       0 |   0.0
        D:7 |     662 |     220 |  24.9 |      13 |       1 |   7.1
        D:8 |    1218 |     183 |  13.1 |      20 |       1 |   4.8
        D:9 |    1264 |     879 |  41.0 |      16 |       1 |   5.9
      Sewer |       0 |     151 | 100.0 |       0 |       6 | 100.0
            +---------+---------+-------+---------+---------+-------
